 Dungeon Crawl Stone Soup version 0.29-a0-378-gc08b2e8bf8 (webtiles) character file.

Game seed: 10801661929382060602

392 MirrMurr the Poker (level 6, -2/39 (47) HPs)
             Began as a Demonspawn Gladiator on May 5, 2022.
             Was a Follower of Okawaru.
             Slain by Edmund
             ... wielding a +2 flail of draining
              (4 damage)
             ... on level 4 of the Dungeon.
             The game lasted 00:08:31 (3862 turns).

MirrMurr the Poker (Demonspawn Gladiator)           Turns: 3862, Time: 00:08:31

HP:   -2/39 (47)    AC: 11    Str: 16    XL:     6   Next: 51%
MP:   6/6           EV: 14    Int:  9    God:    Okawaru [*.....]
Gold: 279           SH:  3    Dex: 15    Spells: 4/5 levels left

rFire   . . .      SeeInvis .   a - +1 trident
rCold   . . .      Faith    .   n - +0 buckler
rNeg    . . .      Spirit   .   v - +0 scale mail
rPois   .          Reflect  .   c - +0 helmet
rElec   .          Harm     .   (no cloak)
rCorr   .          Rampage  .   (no gloves)
Will    .....                   s - +1 pair of boots
Stlth   ..........              (no amulet)
HPRegen 0.13/turn               m - +4 ring of evasion
MPRegen 0.10/turn               (no ring)

@: heavily drained
A: slimy green scales 1, ignite blood 1
a: Renounce Religion, Heroism


You were on level 4 of the Dungeon.
You worshipped Okawaru.
Okawaru was aware of your devotion.
You visited 1 branch of the dungeon, and saw 5 of its levels.

You collected 279 gold pieces.

Inventory:

Hand Weapons
 a - a +1 trident (weapon)
Missiles
 d - a throwing net
 e - a javelin
 o - 77 stones (quivered)
 u - 9 poisoned darts
Armour
 c - a +0 helmet (worn)
 n - a +0 buckler (worn)
 s - a +1 pair of boots (worn)
 v - a +0 scale mail (worn)
Jewellery
 m - a +4 ring of evasion (left hand)
Wands
 x - a wand of iceblast (8)
 y - a wand of flame (14)
Scrolls
 l - a scroll of vulnerability
Potions
 b - 3 potions of mutation
 f - a potion of curing
 j - 2 potions of heal wounds
 w - a potion of brilliance
 z - a potion of attraction


   Skills:
 + Level 3.2 Fighting
 * Level 4.4 Polearms
 + Level 3.0 Throwing
 + Level 2.1 Armour
 + Level 3.7 Dodging


You had 4 spell levels left.
You knew the following spells:

 Your Spells              Type           Power      Damage    Failure   Level
A - Apportation           Tloc           0%         N/A       90%         1

Your spell library contained the following spells:

 Spells                   Type           Power      Damage    Failure   Level
 Corpse Rot               Necr/Air       0%         N/A       97%         2
 Poisonous Vapours        Pois/Air       0%         N/A       97%         2
 Animate Skeleton         Necr           Unusable   N/A       N/A         1
 Summon Small Mammal      Summ           Unusable   N/A       N/A         1

Dungeon Overview and Level Annotations

Branches:
Dungeon (5/15)
 Temple: D:4-7

Altars:
Okawaru

Annotations:
D:4 Edmund


Innate Abilities, Weirdness & Mutations

You are partially covered in slimy green scales. (AC +2)
Your demonic aura sometimes causes spilled blood to erupt in flames.


Message History

The ogre misses you.
You hit the ogre.
The ogre is heavily wounded.
The ogre misses you.
You hit the ogre.
The ogre is heavily wounded.
The ogre misses you.
You hit the ogre.
The ogre is severely wounded.
You puncture the ogre!
The ogre is almost dead.
The ogre is engulfed in blazing flames.
You kill the ogre!
Okawaru is honoured by your kill.
Your Throwing skill increases to level 3!
Edmund closely misses you.
Items here: )) [ †.
You barely miss Edmund. Edmund barely misses you.
You barely miss Edmund.
Edmund hits you with a +2 flail of draining!
You feel drained.
Unknown command.
You barely miss Edmund. Edmund hits you but does no damage.
You feel drained.
You barely miss Edmund. Edmund hits you but does no damage.
You feel drained.
You closely miss Edmund.
Edmund hits you with a +2 flail of draining.
You feel drained.
Edmund hits you with a +2 flail of draining.
You feel drained.
Unknown command.
You hit Edmund but do no damage. Edmund barely misses you.
You barely miss Edmund.
Edmund says, "A flail is better than a scythe, any day of the week!"
Edmund hits you with a +2 flail of draining!
* * * LOW HITPOINT WARNING * * *
You feel drained.
* * * LOW HITPOINT WARNING * * *
You hit Edmund but do no damage.
Edmund hits you with a +2 flail of draining.
You die...

### ########
#######.## #......#
.........####@####.#
.###.........@#.#
#.#
........##...####.##
#{# #.#.........##
######.######
#.#########.#
#.........# ...##
#.# #.........#
....## ##'##
#.##.###..# .....#
##...## #...... ..#
.....# ##.....##
#.##..##..#
.....###.......# #.
.... ..#


You could see Edmund.

Vanquished Creatures
  2 ogres
  Ijyb (D:4)
  Natasha (thrice) (D:3 D:2)
  4 adders (D:2)
  An ufetubus (D:3)
  3 worms
  3 dart slugs
  A bat (D:2)
  4 endoplasms
  6 giant cockroaches
  3 goblins
  5 hobgoblins
  5 jackals
  5 kobolds
  2 quokkas (D:1)
  5 ball pythons
  4 frilled lizards
  6 rats
63 creatures vanquished.

Notes
Turn   | Place    | Note
-------+----------+-------------------------------------------
     0 | D:1      | MirrMurr the Demonspawn Gladiator began the quest for the
                  | Orb.
     0 | D:1      | Reached XP level 1. HP: 16/16 MP: 1/1
    22 | D:1      | Found a faded altar of an unknown god.
   285 | D:1      | Gained mutation: You are partially covered in slimy green
                  | scales. (AC +2) [demonic ancestry]
   285 | D:1      | Reached XP level 2. HP: 21/22 MP: 2/2
   410 | D:1      | Reached skill level 3 in Polearms
  1215 | D:2      | Reached XP level 3. HP: 27/27 MP: 3/3
  1240 | D:2      | Found an iron altar of Okawaru.
  1246 | D:2      | Became a worshipper of Warmaster Okawaru
  1373 | D:2      | Reached skill level 1 in Armour
  1868 | D:3      | Noticed an ogre
  1913 | D:2      | Gained mutation: Your demonic aura sometimes causes spilled
                  | blood to erupt in flames. [demonic ancestry]
  1913 | D:2      | Reached XP level 4. HP: 16/34 MP: 4/4
  2090 | D:3      | You fall into a shaft and drop 2 floors!
  2090 | D:5      | Entered Level 5 of the Dungeon
  2283 | D:3      | Killed an ogre
  2284 | D:3      | Reached XP level 5. HP: 39/39 MP: 5/5
  2457 | D:3      | Noticed Natasha
  2464 | D:3      | Killed Natasha
  2465 | D:3      | Reached skill level 4 in Polearms
  2477 | D:3      | Noticed Natasha
  2499 | D:2      | Killed Natasha
  2499 | D:2      | Reached * piety under Okawaru
  2908 | D:2      | Noticed Natasha
  2921 | D:2      | Killed Natasha
  3016 | D:2      | Found an iron altar of Okawaru.
  3299 | D:3      | Reached XP level 6. HP: 47/47 MP: 6/6
  3422 | D:3      | Learned a level 1 spell: Apportation
  3791 | D:4      | Noticed Ijyb
  3804 | D:4      | Noticed Edmund
  3844 | D:4      | Killed Ijyb
  3861 | D:4      | HP: 1/39 [Edmund/+2 flail of draining (3)]
  3862 | D:4      | Slain by Edmund

Illustrated notes

Levels and vault maps discovered:
D:1:      lightli_molten_gateway, layout_basic,
          hellmonk_ecumenical_altar_dog_temple
D:2:      layout_loops_ring, basic_altar
D:3:      layout_rooms, uniq_natasha
D:4:      layout_loops_corners, serial_glass, glass_columns_c, glass_columns_a,
          glass_columns_c, glass_columns_b, uniq_ijyb, uniq_edmund
D:5:      layout_basic, mainiacjoe_overflow_large_starburst,
          nicolae_overflow_squiral, hangedman_decor_clover_reticule

Skill      XL: |  1  2  3  4  5  6 |
---------------+-------------------+-----
Polearms       | 3 4 |  4.4
Throwing       | 2 3 |  3.0
Dodging        | 3 |  3.7
Armour         | 1 2 |  2.1
Fighting       | 3 |  3.2

Action                   |  1- 3 |  4- 6 || total
-------------------------+-------+-------++-------
Melee: Trident           |   115 |    89 ||   204
       Punch             |     1 |       ||     1
Throw: Throwing net      |       |     2 ||     2
       Dart              |       |     1 ||     1
       Javelin           |       |     1 ||     1
Invok: Heroism           |       |     1 ||     1
  Use: Scroll            |       |    14 ||    14
Armor: Leather armour    |     4 |       ||     4
       Ring mail         |    34 |       ||    34
       Scale mail        |       |    36 ||    36
Dodge: Dodged            |    64 |    63 ||   127
Block: Buckler           |     7 |    14 ||    21

Table legend: (Time is in decaauts)
 A = Elapsed time spent in this place.
 B = Non-inter-level travel time spent in this place.
 C = Inter-level travel time spent in this place.
 D = Time resting spent in this place.
 E = Time spent auto-exploring this place.
 F = Levels seen in this place.
 G = Mean time per level.
                   A        B        C        D        E       F      G
               +--------+--------+--------+--------+--------+-----+--------+
         Total |   3907 |   3665 |    242 |    304 |   2611 |   5 |  781.4 |
       Dungeon |   3907 |   3665 |    242 |    304 |   2611 |   5 |  781.4 |
               +--------+--------+--------+--------+--------+-----+--------+

Top non-repeatable levels by time:
     D:2: 1822 daAuts
     D:1: 1069 daAuts
     D:3: 554 daAuts
     D:4: 450 daAuts
     D:5: 10 daAuts
